 Dungeon Crawl Stone Soup version 0.30.1-3-gfc49f6343a (webtiles) character file.

Game seed: 59972565926020507

4986 cdecastro the Convoker (level 10, -3/63 HPs)
             Began as a Merfolk Summoner on July 26, 2023.
             Was a Follower of Uskayaw.
             Slain by a yak (12 damage)
             ... on level 8 of the Dungeon.
             The game lasted 00:27:57 (10011 turns).

cdecastro the Convoker (Merfolk Summoner)          Turns: 10011, Time: 00:27:58

Health: -3/63      AC:  5    Str:  9    XL:     10   Next: 54%
Magic:  2/13       EV: 13    Int: 18    God:    Uskayaw [*.....]
Gold:   494        SH:  0    Dex: 21    Spells: 0/13 levels left

rFire   + . .        V - +7 Throatcutter {drain, coup de grace}
rCold   + . .        (no shield)
rNeg    + . .        I - +0 steam dragon scales
rPois   .            (no helmet)
rElec   .            z - scarf {rC+ rF+}
rCorr   .            (no gloves)
SInv    .            (no boots)
Will    .....        (no amulet)
Stlth   ++           a - +6 ring of dexterity
HPRegen 0.30/turn    y - ring of positive energy
MPRegen 0.13/turn

%: no passive effects
@: no status effects
A: (nimble swimmer 2), mertail
a: Renounce Religion, Stomp


You were on level 8 of the Dungeon.
You worshipped Uskayaw.
Uskayaw was noncommittal.
You visited 2 branches of the dungeon, and saw 10 of its levels.
You also visited: Ossuary.

You collected 494 gold pieces.

Inventory:

Hand Weapons
 e - a +0 whip of freezing
 k - a +1 dagger of venom
 G - a +4 short sword of draining
 V - the +7 Throatcutter (weapon) {drain, coup de grace}
   (You found it on level 8 of the Dungeon)
Missiles
 i - 38 poisoned darts
 x - 10 boomerangs
 F - 5 throwing nets
 Q - 3 boomerangs of dispersal
 U - a curare-tipped dart
Armour
 v - a +2 robe of cold resistance
 z - a scarf of resistance (worn)
 H - a +1 ring mail of cold resistance
 I - +0 steam dragon scales (worn)
 P - a +1 leather armour of positive energy
Jewellery
 a - a +6 ring of dexterity (left hand)
 y - a ring of positive energy (right hand)
Wands
 L - a wand of polymorph (5)
 S - a wand of flame (15)
Scrolls
 d - 14 scrolls of identify {unknown}
 n - 2 scrolls of magic mapping {unknown}
 p - a scroll of enchant weapon {unknown}
 q - 6 scrolls of teleportation {unknown}
 r - 2 scrolls of silence {unknown}
 s - 11 scrolls of immolation
 t - 4 scrolls of vulnerability {unknown}
 w - a scroll of enchant armour {unknown}
 A - 2 scrolls of blinking {unknown}
 B - a scroll of torment {unknown}
 C - a scroll of poison {unknown}
 M - a scroll of amnesia {unknown}
 O - a scroll of fear {unknown}
 T - a scroll of fog {unknown}
Potions
 b - a potion of magic
 c - a potion of might {unknown}
 f - 4 potions of brilliance {unknown}
 g - 4 potions of attraction {unknown}
 h - 3 potions of flight {unknown}
 j - 4 potions of heal wounds {unknown}
 l - 8 potions of curing {unknown}
 m - 2 potions of haste {unknown}
 o - 2 potions of berserk rage {unknown}
 u - 3 potions of cancellation {unknown}
 D - a potion of ambrosia {unknown}
 E - 7 potions of degeneration
 J - a potion of mutation {unknown}
 K - 2 potions of resistance {unknown}
 N - a potion of lignification {unknown}
 R - a potion of invisibility {unknown}


   Skills:
 + Level 3.0 Dodging
 - Level 2.1 Stealth
 - Level 2.0 Spellcasting
 * Level 15.4 Summonings


You couldn't memorise any spells.
You knew the following spells:

 Your Spells              Type           Power      Damage    Failure   Level
a - Summon Small Mammal   Summ           100%       N/A       1%          1
b - Call Imp              Summ           100%       N/A       1%          2
c - Call Canine Familiar  Summ           55%        N/A       1%          3
d - Summon Guardian Gole  Hex/Summ       29%        N/A       2%          3
e - Summon Lightning Spi  Summ/Air       29%        N/A       8%          4

Your spell library contained the following spells:

 Spells                   Type           Power      Damage    Failure   Level
 Apportation              Tloc           2%         N/A       19%         1
 Necrotise                Necr           4%         1d4       19%         1
 Slow                     Hex            4%         N/A       19%         1
 Poisonous Vapours        Pois/Air       2%         N/A       26%         2
 Sublimation of Blood     Necr           1%         N/A       26%         2
 Wereblood                Tmut           1%         N/A       26%         2
 Summon Hydra             Summ           27%        N/A       26%         7
 Confusing Touch          Hex            1%         N/A       47%         3
 Inner Flame              Hex/Fire       1%         N/A       47%         3
 Mephitic Cloud           Conj/Pois/Air  1%         N/A       47%         3
 Vampiric Draining        Necr           1%         2d6       47%         3
 Flame Wave               Conj/Fire      1%         2d4       87%         4
 Sticky Flame             Conj/Fire      1%         2d3       87%         4
 Freezing Cloud           Conj/Ice/Air   0%         6-21      99%         5


Dungeon Overview and Level Annotations

Branches:
Dungeon (9/15)             Temple (1/1) D:5            Lair (0/5) D:8
Ossuary (visited)
    Orc: D:9-12

Altars:
Fedhas
Nemelex Xobeh
Okawaru
Uskayaw
Wu Jian
Yredelemnul
Zin

Shops:
D:1 (   D:4 [


Innate Abilities, Weirdness & Mutations

((You are very nimble when in or above water. (Stealth+, EV+, Speed+++)))
Your lower body shifts to a powerful aquatic tail in water.


Message History

You hit the yak.
You kill the yak!
Your lightning spire shoots out a bolt of lightning at the yak!
The bolt of electricity hits the yak!
The yak gores your lightning spire but does no damage. x2
The yak gores your guardian golem.
Your lightning spire shoots out a bolt of lightning at the yak!
The bolt of electricity hits the yak.
Your guardian golem overheats!
Your magical contamination has completely faded away.
Your Dodging skill increases to level 3!
Unknown command.
Unknown command.
You hit the yak.
The yak is lightly wounded.
The yak gores your lightning spire but does no damage. x2
The yak gores you but does no damage.
The yak gores your guardian golem but does no damage.
The yak gores your guardian golem! Flame seeps out of your guardian golem.
The yak gores you!
The yak gores your lightning spire but does no damage.
Unknown command.
Your guardian golem is engulfed in blazing flames.
Flame seeps out of your guardian golem. The yak gores your lightning spire.
Flame seeps out of your guardian golem. The yak gores you!
You climb upwards.
Your summoned ally is left behind.
There is a stone staircase leading down here.
Unknown command.
Unknown command.
Unknown command.
The yak misses you. The yak gores you!
* * * LOW HITPOINT WARNING * * *
The yak attacks as you move away! The yak gores you!
* * * LOW HITPOINT WARNING * * *
Casting: Summon Lightning Spire (dangerous; 8% risk of failure)
Confirm with . or Enter, or press ? or * to list all spells.
A guardian golem appears, shielding your allies.
The yak gores you!
You die...

##########....# ...........##.#
#############.# ###########
...)..........# #.........#
.####################.........#
.'..............>.(....)()....#
.#######......##9...).........#
.# #.####.##YY..........).# .#
#.#..#.##@#####........#
.#######.#..#.##.# #........#
.)))).##.#..#.##.# #........#
#####.##.#..#.##.# #........#
#......#.#..#.##.# #........#
#.######.#..#.##.# #........#
#<#.h..#.#<.#.##.# #........#
###.##.#.##.#.##.# ##########
.....#.#....#.##'##


You could see 2 yaks and a friendly guardian golem (summoned).

Vanquished Creatures
  A yak (D:9)
  A sky beast (D:6)
  2 bullfrogs
  A human zombie (Ossuary)
  2 hounds
  An iguana (D:4)
  2 adders
  2 worms (D:2)
  A dart slug (D:1)
  5 orcs
  3 bats
  An endoplasm (D:2)
  5 hobgoblins
  3 jackals (D:1)
  A kobold (D:1)
  A quokka (D:2)
  A goblin zombie (Ossuary)
  An orc zombie (Ossuary)
  A rat (D:1)
35 creatures vanquished.

Vanquished Creatures (collateral kills)
  2 kobold demonologists (D:8)
  Grinder (D:6)
  Sigmund (D:2)
  A water moccasin (D:7)
  An ice beast (D:5)
  A sky beast (D:7)
  A black bear (D:6)
  2 centaurs
  An ogre (D:5)
  A phantom (D:5)
  3 lemures (D:5)
  Blork the orc (D:4)
  4 kobold brigands (D:8)
  A bullfrog (D:7)
  4 wights (D:8)
  2 howler monkeys
  2 human zombies (Ossuary)
  6 jellies
  3 orc priests
  A gnoll bouda (D:8)
  An iguana (D:6)
  5 orc wizards
  4 mummies (Ossuary)
  8 gnolls
  4 adders
  A shadow imp (D:6)
  A white imp (D:6)
  2 ufetubi
  2 worms
  2 dart slugs
  24 orcs
  5 ball pythons
  7 bats
  2 endoplasms (D:1)
  3 goblins
  3 hobgoblins
  3 jackals
  7 kobolds
  A quokka (D:4)
  2 frilled lizards
  A hobgoblin zombie (Ossuary)
  2 kobold zombies (Ossuary)
  4 rats
133 creatures vanquished.

Vanquished Creatures (others)
  Pikel (D:5)
  Maggie (D:6)
  A hornet (D:7)
  Duvessa (D:5)
  3 kobold brigands (D:8)
  A scorpion (D:7)
  Dowan (D:5)
  A gnoll bouda (D:7)
  4 gnolls
14 creatures vanquished.

Grand Total: 182 creatures vanquished

Notes
Turn   | Place    | Note
-------+----------+-------------------------------------------
     0 | D:1      | cdecastro the Merfolk Summoner began the quest for the Orb.
     0 | D:1      | Reached XP level 1. HP: 13/13 MP: 3/3
   258 | D:1      | Reached XP level 2. HP: 19/19 MP: 1/5
   536 | D:1      | Learned a level 2 spell: Call Imp
   587 | D:1      | Found Ratwawyv's Weapon Emporium.
   730 | D:1      | Reached XP level 3. HP: 24/24 MP: 2/6
   926 | D:1      | Reached skill level 5 in Summonings
   997 | D:1      | Found a faded altar of an unknown god.
  1279 | D:1      | Learned a level 3 spell: Call Canine Familiar
  1584 | D:2      | Reached XP level 4. HP: 24/30 MP: 7/7
  1838 | D:2      | Noticed Sigmund
  2266 | D:2      | Killed Sigmund
  2267 | D:2      | Reached skill level 7 in Summonings
  2267 | D:2      | Reached XP level 5. HP: 30/35 MP: 1/8
  2267 | D:2      | Reached XP level 6. HP: 35/41 MP: 1/9
  3776 | D:4      | Reached skill level 8 in Summonings
  3783 | D:4      | Reached XP level 7. HP: 46/46 MP: 2/10
  3911 | D:4      | Found Nacaqank's Armour Shoppe.
  4008 | D:4      | Noticed Blork the orc
  4042 | D:4      | Killed Blork the orc
  4379 | D:4      | Found a glowing silver altar of Zin.
  4521 | D:4      | Found a blossoming altar of Fedhas.
  4809 | D:5      | Entered Level 5 of the Dungeon
  4945 | D:5      | Reached skill level 9 in Summonings
  5148 | D:5      | Learned a level 3 spell: Summon Guardian Golem
  5165 | D:5      | Reached XP level 8. HP: 52/52 MP: 6/11
  5209 | D:5      | Found a staircase to the Ecumenical Temple.
  5235 | Temple   | Entered the Ecumenical Temple
  5243 | Temple   | Became a worshipper of Uskayaw the Reveller
  5296 | D:5      | Noticed Dowan
  5448 | D:5      | Noticed Duvessa
  5460 | D:5      | Killed Duvessa
  5461 | D:5      | Reached skill level 10 in Summonings
  5492 | D:5      | Killed Dowan
  5583 | D:5      | Noticed Pikel
  5606 | D:5      | Killed Pikel
  5607 | D:5      | Reached skill level 11 in Summonings
  6101 | D:6      | Noticed Maggie
  6111 | D:6      | Killed Maggie
  6112 | D:6      | Reached skill level 12 in Summonings
  6112 | D:6      | Reached XP level 9. HP: 57/57 MP: 9/12
  6162 | D:6      | Identified the +1 leather armour of the Orb {*Corrode rF+
                  | Dex+3}
  6187 | D:6      | Found a sand-covered staircase.
  6191 | Ossuary  | Entered an ossuary
  6238 | Ossuary  | Reached * piety under Uskayaw
  7023 | D:6      | Noticed Grinder
  7029 | D:6      | Paralysed by Grinder for 5 turns
  7055 | D:6      | Killed Grinder
  7056 | D:6      | Reached skill level 13 in Summonings
  7943 | D:7      | Noticed a hornet
  8091 | D:7      | Killed a hornet
  8092 | D:7      | Reached skill level 14 in Summonings
  8177 | D:7      | Reached XP level 10. HP: 63/63 MP: 9/13
  8807 | D:8      | Learned a level 4 spell: Summon Lightning Spire
  9225 | D:8      | Found a staircase to the Lair.
  9709 | D:8      | Noticed a kobold demonologist
  9710 | D:8      | Noticed a kobold demonologist
  9718 | D:8      | Killed a kobold demonologist
  9719 | D:8      | Reached skill level 15 in Summonings
  9733 | D:8      | Killed a kobold demonologist
  9917 | D:8      | Found the +7 Throatcutter {drain, coup de grace}
 10011 | D:8      | Slain by a yak

Illustrated notes

Levels and vault maps discovered:
D:1:      minmay_arrival_hallway, layout_basic, ebering_ecumenical_altar_box,
          serial_shops, nicolae_shop_pleasant_corner_grove, chequers_big_river,
          minmay_misc_feat_diagonals, corexii_corridor_pit, minmay_tetromino_l4
D:2:      layout_loops_ring, uniq_sigmund
D:3:      layout_loops_ring
D:4:      layout_loops_cross, mainiacjoe_overflow_catwalk_spiral, serial_shops,
          shop, eino_curves_02, kennysheep_small_spiral, uniq_blork_the_orc
D:5:      layout_loops_cross, temple_green, uniq_pikel, uniq_duvessa
D:6:      layout_cave_pods, enter_ossuary_5, uniq_grinder, uniq_maggie
D:7:      layout_basic, serial_glass, glass_columns_c, glass_columns_a
D:8:      layout_basic, dpeg_oklobed_lair, dilly_guarded_unrand_throatcut
D:9:      layout_big_octagon, david_orc_3, lightli_orcish_oven
Temple:   nicolae_temple_bog_church

Skill      XL: |  1  2  3  4  5  6  7  8  9 10 |
---------------+-------------------------------+-----
Summonings     | 5 7 8 9 12 14 15 | 15.4
Dodging        | 3 |  3.0
Stealth        | |  2.1
Spellcasting   | |  2.0

Action                     |  1- 3 |  4- 6 |  7- 9 | 10-12 || total
---------------------------+-------+-------+-------+-------++-------
  Melee: Dagger            |    41 |    18 |    82 |     9 ||   150
         Whip              |     2 |       |       |       ||     2
         Punch             |     1 |       |     2 |     1 ||     4
         Long sword        |       |       |       |     4 ||     4
   Cast: Summon Small Mamm |    44 |       |     3 |       ||    47
         Call Imp          |    10 |     9 |     8 |       ||    27
         Call Canine Famil |       |    24 |    40 |     7 ||    71
         Summon Guardian G |       |       |    15 |     8 ||    23
         Summon Lightning  |       |       |       |     7 ||     7
   Stab: Distracted        |       |       |     1 |     1 ||     2
 Armour: Robe              |    28 |    14 |    16 |     5 ||    63
         Steam dragon scal |       |       |       |     2 ||     2
  Dodge: Dodged            |   112 |    23 |    49 |    25 ||   209
